 Dungeon Crawl Stone Soup version 0.31-a0-1576-ga3383bade6 (webtiles) character file.

Game seed: 5667345606544681920

285616 Newt the Deadly Accurate (level 21, -23/175 HPs)
             Began as a Merfolk Gladiator on Jan 3, 2024.
             Was a High Priest of Okawaru.
             Annihilated by an ettin
             ... wielding a +0 dire flail
              (47 damage)
             ... on level 4 of the Vaults on Jan 4, 2024.
             The game lasted 01:46:35 (46638 turns).

Newt the Deadly Accurate (Merfolk Gladiator)       Turns: 46638, Time: 01:46:35

Health: -23/175    AC: 17    Str: 33    XL:     21   Next: 2%
Magic:  40/40      EV: 30    Int: 11    God:    Okawaru [*****.]
Gold:   192        SH: 23    Dex: 44    Spells: 25/34 levels left

rFire   + . .        y - +9 scimitar of Bonyadgh {vamp, rPois MP+9}
rCold   + . .        U - +5 kite shield of Hiolotuwn {rElec Dex+3}
rNeg    + + +        O - +5 ring mail of Cynicism {Str+5}
rPois   +            c - +2 hat {Will+}
rElec   +            t - scarf {rC+ rF+}
rCorr   +            f - +2 pair of gloves {Dex+3}
SInv    .            V - +1 pair of boots {Stlth+}
Will    ++...        N - amulet of the Middle {Faith rCorr Str-2 Int-2 Dex+9}
Stlth   +++++        L - ring of Lucidity {rN+++ Str+6 Int+3 Dex+3 Stlth-}
HPRegen 0.49/turn    h - +6 ring of dexterity
MPRegen 0.27/turn

%: faith
@: studying Unarmed Combat
A: (nimble swimmer 2), mertail, agile 1, clever 1, strong 1
}: 1/15 runes: barnacled
a: Renounce Religion, Heroism, Finesse, Duel


You were on level 4 of the Vaults.
You worshipped Okawaru.
Okawaru was extremely pleased with you.
You visited 6 branches of the dungeon, and saw 32 of its levels.
You also visited: Wizlab and Desolation.

You collected 3185 gold pieces.
You spent 2993 gold pieces at shops.

Inventory:

Hand Weapons
 y - the +9 scimitar of Bonyadgh (weapon) {vamp, rPois MP+9}
   (You bought it in a shop on level 4 of the Vaults)

   rPois:     It protects you from poison MP+9: It affects your magic capacity
   (+9).
 H - the +9 triple sword "Nousot" {drain, rC+ rCorr Dex-2}
   (You bought it in a shop on level 4 of the Vaults)

   Dex-2:     It affects your dexterity (-2).
   rC+:       It protects you from cold.
   rCorr:     It protects you from acid and corrosion.
 I - the +8 trident of the Octopus King {venom, rElec rPois}
   (You found it in the Desolation of Salt)

   rElec:     It insulates you from electricity.
   rPois:     It protects you from poison
 T - a +6 heavy scimitar
Missiles
 d - 5 throwing nets
 o - 7 atropa-tipped darts
 r - 37 boomerangs (quivered)
 A - 5 datura-tipped darts
 G - 10 silver javelins
Armour
 a - the scarf of Cikangai {repulsion, *Slow rPois Will+}
   (Okawaru gifted it to you on level 13 of the Dungeon)

   rPois:     It protects you from poison Will+: It increases your willpower.
   *Slow:     It may slow you when you take damage.
 c - a +2 hat of willpower (worn)
 f - a +2 pair of gloves of dexterity (worn)
 l - a +4 scale mail of fire resistance
 t - a scarf of resistance (worn)
 O - the +5 ring mail of Cynicism (worn) {Str+5}
   (You found it on level 8 of the Dungeon)

   Str+5:     It affects your strength (+5).
 U - the +5 kite shield of Hiolotuwn (worn) {rElec Dex+3}
   (You acquired it on level 4 of the Lair of Beasts)

   Dex+3:     It affects your dexterity (+3).
   rElec:     It insulates you from electricity.
 V - a +1 pair of boots of stealth (worn)
Jewellery
 h - a +6 ring of dexterity (right hand)
 k - a ring of protection from cold
 v - a ring of see invisible
 L - the ring of Lucidity (left hand) {rN+++ Str+6 Int+3 Dex+3 Stlth-}
   (You found it in the Desolation of Salt)

   [ring of strength]

   Str+6:     It affects your strength (+6).
   Int+3:     It affects your intelligence (+3).
   Dex+3:     It affects your dexterity (+3).
   rN+++:     It renders you almost immune to negative energy.
   Stlth-:    It makes you less stealthy.
 N - the amulet of the Middle (around neck) {Faith rCorr Str-2 Int-2 Dex+9}
   (You bought it in a shop on level 14 of the Dungeon)

   [amulet of faith]

   Faith:     It allows you to gain divine favour quickly.
   Str-2:     It affects your strength (-2).
   Int-2:     It affects your intelligence (-2).
   Dex+9:     It affects your dexterity (+9).
   rCorr:     It protects you from acid and corrosion.
Wands
 b - a wand of mindburst (11)
 n - a wand of paralysis (15)
 u - a wand of quicksilver (16)
 F - a wand of iceblast (15)
 K - a wand of digging (2)
 S - a wand of polymorph (4)
 Y - a wand of flame (26)
Scrolls
 p - 4 scrolls of fear
 s - 2 scrolls of enchant armour
 x - 15 scrolls of identify
 z - 4 scrolls of silence
 B - 4 scrolls of revelation
 C - 2 scrolls of enchant weapon
 D - 12 scrolls of teleportation
 X - a scroll of blinking
Potions
 i - 2 potions of enlightenment
 j - 4 potions of lignification
 m - 4 potions of heal wounds
 E - 13 potions of curing
 J - 3 potions of invisibility
 P - 5 potions of berserk rage
 Q - 2 potions of resistance
 R - a potion of magic
 W - a potion of cancellation
 Z - 4 potions of haste
Miscellaneous
 q - a condenser vane
 w - a phial of floods
 M - a lightning rod (4/4)


   Skills:
 - Level 17.4 Fighting
 - Level 20.0 Long Blades
 - Level 4.0 Polearms
 - Level 20.0 Throwing
 - Level 12.0 Dodging
 - Level 8.0 Stealth
 - Level 10.0 Shields
 - Level 10.6 Unarmed Combat
 + Level 7.1 Spellcasting
 + Level 10.2 Alchemy
 - Level 11.0 Invocations
 - Level 15.0 Evocations


You had 25 spell levels left.
You knew the following spells:

 Your Spells              Type           Power      Damage    Failure   Level
a - Olgreb's Toxic Radia  Alch           26%        N/A       5%          4
b - Alistair's Intoxicat  Alch           17%        N/A       16%         5

Your spell library contained the following spells:

 Spells                   Type           Power      Damage    Failure   Level
 Sting                    Conj/Alch      60%        1d6       4%          1
 Mephitic Cloud           Conj/Alch/Air  11%        N/A       26%         3
 Apportation              Tloc           6%         N/A       36%         1
 Foxfire                  Conj/Fire      12%        2x1d4     36%         1
 Kiss of Death            Conj/Necr      12%        2d6       36%         1
 Necrotise                Necr           12%        1d4       36%         1
 Slow                     Hex            12%        N/A       36%         1
 Fulminant Prism          Conj/Alch      7%         3d7       41%         4
 Ignite Poison            Fire/Alch      15%        N/A       41%         4
 Sticky Flame             Fire/Alch      15%        2d5       41%         4
 Lesser Beckoning         Tloc           6%         N/A       50%         2
 Scorch                   Fire           6%         2d5       50%         2
 Searing Ray              Conj           6%         2d4       50%         2
 Sublimation of Blood     Necr           3%         N/A       50%         2
 Confusing Touch          Hex            3%         N/A       73%         3
 Dazzling Flash           Conj/Hex       6%         N/A       73%         3
 Gell's Gravitas          Tloc           3%         N/A       73%         3
 Inner Flame              Hex/Fire       3%         N/A       73%         3
 Ozocubu's Armour         Ice            3%         N/A       73%         3
 Sigil of Binding         Hex            3%         N/A       73%         3
 Teleport Other           Tloc           3%         N/A       73%         3
 Vampiric Draining        Necr           3%         2d6       73%         3
 Volatile Blastmotes      Fire/Tloc      6%         2d10      73%         3
 Irradiate                Conj/Alch      7%         3d14      77%         5
 Yara's Violent Unravell  Hex/Alch       7%         3d5       77%         5
 Dispel Undead            Necr           3%         3d7       98%         4
 Flame Wave               Conj/Fire      3%         2d5       98%         4
 Manifold Assault         Tloc           3%         N/A       98%         4
 Passage of Golubria      Tloc           3%         N/A       98%         4
 Vhi's Electric Charge    Tloc/Air       6%         N/A       98%         4
 Arcjolt                  Conj/Air       1%         1d11      100%        5
 Borgnjor's Vile Clutch   Necr/Erth      1%         N/A       100%        5
 Curse of Agony           Necr           3%         N/A       100%        5
 Fireball                 Conj/Fire      1%         3d3       100%        5
 Iskenderun's Battlesphe  Conj           3%         2d6       100%        5
 Metabolic Englaciation   Hex/Ice        1%         N/A       100%        5
 Silence                  Hex/Air        1%         N/A       100%        5
 Bombard                  Conj/Erth      1%         9d1       100%        6
 Dispersal                Tloc           1%         N/A       100%        6
 Starburst                Conj/Fire      1%         6d3       100%        6
 Disjunction              Tloc           1%         N/A       100%        8
 Ignition                 Fire           1%         3d3       100%        8
 Maxwell's Capacitive Co  Air            1%         ∞         100%        8
 Summon Small Mammal      Summ           Unusable   N/A       N/A         1
 Call Imp                 Summ           Unusable   N/A       N/A         2
 Tukima's Dance           Hex            Unusable   N/A       N/A         3
 Animate Armour           Summ/Erth      Unusable   N/A       N/A         4
 Animate Dead             Necr           Unusable   N/A       N/A         4
 Death Channel            Necr           Unusable   N/A       N/A         6
 Sculpt Simulacrum        Ice/Alch       Unusable   N/A       N/A         6
 Summon Cactus Giant      Summ           Unusable   N/A       N/A         6
 Spellforged Servitor     Conj/Summ      Unusable   N/A       N/A         7
 Summon Hydra             Summ           Unusable   N/A       N/A         7

Dungeon Overview and Level Annotations

Branches:
Dungeon (15/15)            Temple (1/1) D:5            Lair (5/5) D:11
 Shoals (4/4) Lair:2       Spider (0/4) Lair:3        Slime (0/5) Lair:5
    Orc (2/2) D:12            Elf (0/3) Orc:2        Vaults (4/5) D:13
  Crypt (0/3) Vaults:3     Depths (0/4) D:15         WizLab (visited)
Desolation (visited)

Altars:
Ashenzari
Cheibriados
Dithmenos
Elyvilon
Fedhas
Gozag
Hepliaklqana
Kikubaaqudgha
Makhleb
Nemelex Xobeh
Okawaru
Qazlal
Ru
Sif Muna
Trog
Uskayaw
Vehumet
Wu Jian
Xom
Yredelemnul
Zin
The Shining One
Lugonu

Shops:
D:5 ?   D:7 [   D:8 :   D:10 [   D:12 (   D:14 =   Orc:2 [[(=(!   Shoals:1 :
Vaults:4 (

Portals:
Abyss: Lair:5

Annotations:
D:8 2 transporters, Akett's ghost, novice DsSh


Innate Abilities, Weirdness & Mutations

((You are very nimble when in or above water. (Stealth+, EV+, Speed+++)))
Your lower body shifts to a powerful aquatic tail in water.
You are agile. (Dex +4, Str/Int -1)
Your mind is acute. (Int +4, Str/Dex -1)
Your muscles are strong. (Str +4, Int/Dex -1)


Message History

Press: ? - help, Q - select action, (/) - cycle Shift-Dir - straight line, f/p - ironbound convoker
Aim: an ironbound convoker, wielding a +0 dire flail and wearing a +0 scale mail (81% to hit)
Okay, then.
Unknown command.
You slash the purple very ugly thing!
The purple very ugly thing is moderately wounded.
You block the purple very ugly thing's attack.
You cut the purple very ugly thing into ribbons!!!
The purple very ugly thing is almost dead.
You block the purple very ugly thing's attack.
You slice the purple very ugly thing!!
You feel better.
You kill the purple very ugly thing!
Okawaru accepts your kill.
You barely miss the ironbound convoker.
You block the ironbound convoker's attack.
You slash the ironbound convoker!
You feel better.
The ironbound convoker is moderately wounded.
You barely miss the ironbound convoker.
The ironbound convoker is moderately wounded.
You block the ironbound convoker's attack.
The ettin completely misses you. You block the ettin's attack.
You carve the ironbound convoker like a ham!!!
You feel better.
You kill the ironbound convoker!
Okawaru accepts your kill.
You barely miss the ettin.
The vault sentinel no longer looks unusually strong.
The ettin hits you with a +0 dire flail!!!
* * * LOW HITPOINT WARNING * * *
The ettin barely misses you.
Unknown command.
You feel much better. The ettin completely misses you.
You block the ettin's attack.
Unknown command.
Aiming: Paralyse
Press: ? - help, Shift-Dir - straight line, f - ettin
Aim: an ettin, wielding two +0 dire flails (strong, chance to affect: 62%)
The ettin resists with significant effort.
The ettin hits you with a +0 dire flail!!!
You die...

#.......# #### #.......#
######### #.......#
#........
####'''####........
######### #...))[#........
### #..'.'..#
#...[>.#........ ..#
###..###..###...$.[#........
..# #...##
##..)#).....#........
'#####..##
##.@Cp....('........
..#..#'##
##'#o.....#........ ..#..#.#
#.########........ ..#..#'##
##+# #........ ..#..+..##
##..# ########' '##..#...##
##...# #.......
..)).###..###..### #.......
...))# #..'.'..# #.......
####'#########'# #.......


You could see an ettin (strong), a vault sentinel and an orc warrior (strong).

Vanquished Creatures
  A dread lich (Vaults:5)
  A golden dragon (Vaults:4)
  2 liches
  4 titans
  A quicksilver dragon (Vaults:4)
  2 sphinxes
  Frances (Shoals:2)
  A storm dragon (Vaults:4)
  Aizul (Shoals:1)
  Roxanne (D:14)
  5 tengu reavers
  The ghost of bobo the Fighter, a journeyman DsFE of Sif Muna (Shoals:2)
  A frost giant (D:15)
  4 fire giants
  Ilsuiw (Shoals:2)
  An imperial myrmidon (Desolation)
  12 vault wardens
  15 ironbound preservers
  A curse skull (Vaults:3)
  An orc warlord (Orc:2)
  A formless jellyfish (Vaults:2)
  9 ironbound thunderhulks
  A very ugly thing (Vaults:4)
  A deep elf death mage (Vaults:2)
  A deep elf demonologist (Vaults:5)
  3 halazid warlocks (Desolation)
  A deep elf annihilator (Vaults:5)
  2 war gargoyles (Vaults:3)
  4 crystal guardians
  A jiangshi (Vaults:3)
  6 ragged hierophants (Desolation)
  2 ettins (Vaults:4)
  6 merfolk javelineers
  A fire dragon (D:15)
  A deep elf high priest (Vaults:5)
  9 great orbs of eyes
  7 yaktaur captains
  14 merfolk impalers
  34 vault guards
  5 servants of whispers (Desolation)
  3 peacekeepers
  2 rakshasas (D:15)
  2 catoblepae
  4 ogre magi
  10 ironbound frosthearts
  6 hydras
  2 two-headed ogres
  6 alligator snapping turtles
  13 centaur warriors
  3 merfolk avatars
  A satyr (Shoals:2)
  3 boulder beetles
  A deep troll earth mage (Vaults:4)
  A tengu warrior (D:13)
  2 thrashing horrors (Lair:5)
  4 orc high priests (Orc:2)
  6 skysharks
  2 deep elf knights (D:15)
  A skeletal warrior (Vaults:3)
  A hell knight (Vaults:4)
  A shadow wraith (Vaults:5)
  An iron troll (Vaults:4)
  A fire crab (D:15)
  Lodul (D:14)
  7 arcanists
  12 sea snakes
  A glowing orange brain (shapeshifter) (Vaults:4)
  2 large abominations (Lair:5)
  An orange crystal statue (Vaults:4)
  33 deep trolls
  4 necromancers
  A phantasmal warrior (Vaults:5)
  12 harpies
  8 lindwurms
  A wolf spider (Lair:3)
  16 ironbound convokers
  2 oklob plants (D:11)
  6 deep elf pyromancers
  Pikel (D:5)
  5 orc sorcerers
  16 ugly things
  3 orc knights (Orc:2)
  7 fauns (Shoals:2)
  4 elephants (Lair:2)
  A salamander (D:15)
  17 manticores
  4 cyclopes
  A meliai (shapeshifter) (Lair:5)
  3 meliai (D:14)
  2 guardian serpents (Desolation)
  9 merfolk sirens
  2 human skeletons (Vaults:2)
  8 black mambas
  5 kobold blastminers
  2 naga magi (Vaults:1)
  12 vault sentinels
  A rust devil (D:15)
  11 gargoyles
  11 water nymphs
  8 cane toads
  A smoke demon (Lair:5)
  Maggie (D:8)
  A torpor snail (Lair:5)
  10 komodo dragons
  2 freezing wraiths
  An unseen horror (D:12)
  Jeremiah (D:8)
  A tengu conjurer (D:13)
  4 rime drakes
  20 yaktaurs
  A guardian mummy (WizLab)
  A yaktaur skeleton (Vaults:2)
  A queen bee (shapeshifter) (Lair:5)
  A polar bear (Lair:5)
  11 wind drakes
  28 merfolk
  6 trolls
  40 saltlings (Desolation)
  9 snapping turtles
  Prince Ribbit (D:8)
  2 raiju (Lair:5)
  36 blink frogs
  12 dream sheep
  A human simulacrum (Vaults:2)
  23 slime creatures
  15 air elementals
  8 wyverns
  A culicivora (Lair:3)
  A spriggan (Lair:5)
  A ynoxinul (Lair:5)
  3 wraiths
  A shadow (D:13)
  A warg (Orc:2)
  2 humans (D:13)
  22 water elementals
  2 basilisks
  64 yaks
  3 steam dragons
  3 vampire mosquitoes (D:13)
  3 chaos spawn (Lair:5)
  9 small abominations (Lair:5)
  A glowing shapeshifter zombie (Vaults:2)
  16 water moccasins
  5 acid dragons
  An ice beast (D:7)
  31 orc warriors
  A sky beast (D:8)
  2 meliai simulacra (D:15)
  4 centaurs
  A black bear (D:6)
  17 boggarts
  10 wolves
  10 ogres
  4 kobold brigands
  10 bullfrogs
  A gnoll sergeant (D:5)
  2 scorpions
  15 wights
  7 killer bees
  A howler monkey (D:10)
  2 electric eels (D:9)
  22 orc priests
  A jelly (D:6)
  A gnoll bouda (D:7)
  A hound (D:6)
  2 sleepcaps
  2 iguanas
  24 orc wizards
  11 gnolls
  6 adders
  2 white imps (D:6)
  4 ufetubi (D:6)
  2 ribbon worms
  4 dart slugs
  65 orcs
  3 endoplasms
  2 giant cockroaches
  5 goblins
  4 hobgoblins
  3 jackals (D:1)
  2 quokkas (D:3)
  4 ball pythons
  4 bats
  13 frilled lizards
  6 kobolds
  3 rats
1173 creatures vanquished.

Vanquished Creatures (others)
  A vault guard (Vaults:5)
  A saltling (Desolation)
  An ogre (D:14)
  An orc priest (Orc:2)
  A kobold (D:11)
5 creatures vanquished.

Grand Total: 1178 creatures vanquished

Notes
Turn   | Place    | Note
-------+----------+-------------------------------------------
     0 | D:1      | Newt the Merfolk Gladiator began the quest for the Orb.
     0 | D:1      | Reached XP level 1. HP: 16/16 MP: 1/1
    48 | D:1      | Reached XP level 2. HP: 10/23 MP: 2/2
   435 | D:1      | Reached XP level 3. HP: 30/30 MP: 3/3
   980 | D:2      | Identified a scroll of acquirement
   980 | D:2      | Acquired the +0 pair of gloves of Sloth {Dex+4}
  1498 | D:2      | Reached XP level 4. HP: 36/38 MP: 4/4
  2278 | D:3      | Found the +2 cloak of the Thief {*Fog Slay-2 SInv Stlth+}
  2422 | D:3      | Found a faded altar of an unknown god.
  2632 | D:4      | Reached skill level 5 in Fighting
  2665 | D:4      | Noticed a steam dragon
  2676 | D:4      | Killed a steam dragon
  2677 | D:4      | Reached XP level 5. HP: 39/44 MP: 5/5
  3087 | D:5      | Entered Level 5 of the Dungeon
  3127 | D:5      | Reached skill level 5 in Long Blades
  3127 | D:5      | Reached XP level 6. HP: 49/51 MP: 6/6
  3261 | D:5      | Noticed Pikel
  3285 | D:5      | Killed Pikel
  3286 | D:5      | Reached skill level 5 in Dodging
  3286 | D:5      | Reached XP level 7. HP: 15/56 MP: 7/7
  4023 | D:5      | Reached XP level 8. HP: 48/62 MP: 8/8
  4159 | D:5      | Found an opulent altar of Gozag.
  4201 | D:5      | Found a staircase to the Ecumenical Temple.
  4226 | Temple   | Entered the Ecumenical Temple
  4243 | Temple   | Became a worshipper of Warmaster Okawaru
  4336 | D:5      | Found Ozeh Nou's Magic Scroll Emporium.
  4352 | D:5      | Bought a scroll of identify for 22 gold pieces
  4352 | D:5      | Bought a scroll of identify for 22 gold pieces
  4352 | D:5      | Bought a scroll of teleportation for 33 gold pieces
  4352 | D:5      | Bought a scroll of fear for 44 gold pieces
  4352 | D:5      | Bought a scroll of revelation for 82 gold pieces
  4995 | D:6      | Reached * piety under Okawaru
  5130 | D:6      | Reached skill level 5 in Evocations
  5650 | D:6      | Found a burning altar of Makhleb.
  5978 | D:7      | Reached XP level 9. HP: 68/68 MP: 9/9
  6272 | D:7      | Reached ** piety under Okawaru
  6322 | D:7      | Found Ekisevid's Antique Armour Shoppe.
  7075 | D:8      | Found Fyzel's Book Shop.
  7077 | D:8      | Noticed Jeremiah
  7092 | D:8      | Killed Jeremiah
  7177 | D:8      | Noticed Maggie
  7190 | D:8      | Killed Maggie
  7190 | D:8      | Reached *** piety under Okawaru
  7191 | D:8      | Reached skill level 10 in Long Blades
  7244 | D:8      | Found a transporter.
  7246 | D:8      | Found a transporter.
  7247 | D:8      | Noticed a moth of wrath
  7249 | D:8      | Noticed a two-headed ogre
  7251 | D:8      | Found a bloodstained altar of Trog.
  7255 | D:8      | Noticed Prince Ribbit
  7268 | D:8      | Killed Prince Ribbit
  7370 | D:8      | Noticed Akett's ghost (novice DsSh)
  7480 | D:8      | Identified the +5 ring mail of Cynicism {Str+5}
  7506 | D:8      | Found an ornate altar of the Wu Jian Council.
  7582 | D:8      | Found a shimmering altar of Xom.
  7585 | D:8      | Found a snail-covered altar of Cheibriados.
  7585 | D:8      | Found a white marble altar of Elyvilon.
  7592 | D:8      | Found an ancient bone altar of Kikubaaqudgha.
  7662 | D:8      | Reached XP level 10. HP: 79/79 MP: 10/10
  8380 | D:9      | Found a sacrificial altar of Ru.
  8461 | D:9      | Reached skill level 5 in Shields
  8472 | D:9      | Reached **** piety under Okawaru
  9125 | D:9      | Reached skill level 1 in Unarmed Combat
  9226 | D:9      | Reached ***** piety under Okawaru
  9233 | D:9      | Reached skill level 5 in Unarmed Combat
  9413 | D:9      | Received a gift from Okawaru
  9616 | D:9      | Noticed a three-headed hydra
  9640 | D:9      | Killed a five-headed hydra
  9641 | D:9      | Reached XP level 11. HP: 85/86 MP: 11/11
  9701 | D:10     | Entered Level 10 of the Dungeon
 10172 | D:10     | Reached skill level 10 in Unarmed Combat
 10172 | D:10     | Reached XP level 12. HP: 97/97 MP: 12/12
 10308 | D:10     | Identified the +5 flail "Quihier" {speed, Int+3}
 10434 | D:10     | Found Ridu's Antique Armour Boutique.
 10976 | D:7      | Bought a runed scarf for 216 gold pieces
 10976 | D:7      | Bought a pair of embroidered boots for 202 gold pieces
 11095 | D:11     | Found a staircase to the Lair.
 11749 | D:11     | Noticed a boulder beetle
 11771 | D:11     | Killed a boulder beetle
 12208 | D:11     | Gained mutation: You are somewhat resistant to further
                  | mutation. [potion of mutation]
 12208 | D:11     | Gained mutation: You are partially covered in iridescent
                  | scales. (AC +2) [potion of mutation]
 12209 | D:11     | Lost mutation: You are somewhat resistant to further
                  | mutation. [potion of mutation]
 12209 | D:11     | Lost mutation: You are partially covered in iridescent
                  | scales. (AC +2) [potion of mutation]
 12209 | D:11     | Gained mutation: You have a somewhat thin skeletal
                  | structure. (Dex +2, Stealth+) [potion of mutation]
 12209 | D:11     | Gained mutation: You do not regenerate when monsters are
                  | visible. [potion of mutation]
 12209 | D:11     | Gained mutation: You are partially covered in iridescent
                  | scales. (AC +2) [potion of mutation]
 12210 | D:11     | Lost mutation: You have a somewhat thin skeletal structure.
                  | (Dex +2, Stealth+) [potion of mutation]
 12210 | D:11     | Lost mutation: You do not regenerate when monsters are
                  | visible. [potion of mutation]
 12210 | D:11     | Lost mutation: You are partially covered in iridescent
                  | scales. (AC +2) [potion of mutation]
 12210 | D:11     | Gained mutation: You are robust. (+10% HP) [potion of
                  | mutation]
 12210 | D:11     | Gained mutation: You have hidden genetic defects. [potion
                  | of mutation]
 12326 | D:11     | Received a gift from Okawaru
 12372 | D:11     | Noticed a five-headed hydra
 12380 | D:11     | Killed a five-headed hydra
 12381 | D:11     | Reached skill level 5 in Invocations
 12583 | D:11     | Noticed a centaur warrior
 12596 | D:11     | Killed a centaur warrior
 12831 | D:12     | Lost mutation: You are robust. (+10% HP) [hidden defects]
 12897 | D:12     | Noticed a boulder beetle
 12942 | D:12     | Killed a boulder beetle
 13153 | D:12     | Found a staircase to the Orcish Mines.
 13503 | D:12     | Found Bauguled's Weapon Shop.
 13505 | D:12     | Noticed a two-headed ogre
 13512 | D:12     | Killed a two-headed ogre
 13754 | D:12     | Gained mutation: You have terrible hidden genetic defects.
                  | [hidden defects]
 13754 | D:12     | Lost mutation: You have terrible hidden genetic defects.
                  | [hidden defects expressed]
 14001 | D:13     | Received a gift from Okawaru
 14146 | D:13     | Reached XP level 13. HP: 93/103 MP: 20/20
 14258 | D:13     | Reached ****** piety under Okawaru
 14259 | D:13     | Acquired a +0 double sword of distortion
 14259 | D:13     | Received a gift from Okawaru
 14260 | D:13     | Acquired the scarf of Cikangai {repulsion, *Slow rPois
                  | Will+}
 14260 | D:13     | Received a gift from Okawaru
 14341 | D:13     | Reached skill level 10 in Invocations
 14539 | D:13     | Noticed a vault guard
 14562 | D:13     | Gained mutation: You are vulnerable to cold. (rC-) [hidden
                  | defects]
 14569 | D:13     | Killed a vault guard
 14891 | D:13     | Noticed a vault guard
 14907 | D:13     | Killed a vault guard
 14908 | D:13     | Reached skill level 5 in Throwing
 15042 | D:13     | Found a gate to the Vaults.
 15042 | D:13     | Noticed a vault guard
 15042 | D:13     | Noticed a vault guard
 15049 | D:13     | Killed a vault guard
 15058 | D:13     | Killed a vault guard
 15058 | D:13     | Received a gift from Okawaru
 15071 | D:13     | Gained mutation: You are vulnerable to heat. (rF-) [hidden
                  | defects]
 15071 | D:13     | Lost mutation: You have hidden genetic defects. [hidden
                  | defects expressed]
 15163 | D:13     | Noticed a vault guard
 15169 | D:13     | Killed a vault guard
 15943 | D:14     | Noticed Lodul
 15993 | D:14     | Killed Lodul
 16084 | D:14     | Noticed Roxanne
 16093 | D:14     | Noticed a red very ugly thing
 16114 | D:14     | Killed Roxanne
 16545 | D:14     | Found Peudist's Jewellery Shop.
 16806 | D:14     | Received a gift from Okawaru
 16819 | D:14     | Reached skill level 10 in Throwing
 16819 | D:14     | Reached skill level 10 in Fighting
 16833 | D:14     | Reached XP level 14. HP: 74/111 MP: 17/22
 17007 | D:14     | Acquired a manual of Throwing
 17044 | D:15     | Entered Level 15 of the Dungeon
 18411 | D:15     | Received a gift from Okawaru
 18421 | D:14     | HP: 5/113 [white ugly thing (32)]
 18971 | Lair:1   | Entered Level 1 of the Lair of Beasts
 20232 | Lair:1   | You fall into a shaft and drop 1 floor!
 20285 | Lair:2   | Identified the +7 dagger of Raq Tiwn {flame, *Slow Int+5
                  | Dex+4}
 20438 | Lair:2   | Received a gift from Okawaru
 20598 | Lair:2   | Found a staircase to the Shoals.
 21935 | Lair:3   | Received a gift from Okawaru
 22425 | Lair:3   | Reached skill level 15 in Fighting
 22728 | D:14     | Bought the amulet of the Middle {Faith rCorr Str-2 Int-2
                  | Dex+9} for 883 gold pieces
 23061 | Lair:3   | Identified the +8 hand axe of the Eternal Void {heavy,
                  | Dex+8}
 23391 | Lair:3   | Found a hole to the Spider Nest.
 23954 | Lair:4   | Found a radiant altar of Vehumet.
 23973 | Lair:4   | Acquired a manual of Long Blades
 23975 | Lair:4   | Acquired the +5 kite shield of Hiolotuwn {rElec Dex+3}
 24108 | Lair:4   | Reached XP level 15. HP: 124/129 MP: 23/23
 24321 | Lair:5   | Entered Level 5 of the Lair of Beasts
 25029 | Lair:5   | Found a staircase to the Slime Pits.
 25314 | Lair:5   | Reached skill level 15 in Throwing
 25345 | Lair:5   | Received a gift from Okawaru
 25917 | Lair:5   | Reached skill level 15 in Long Blades
 25919 | Lair:5   | Found a corrupted altar of Lugonu.
 25919 | Lair:5   | Found a one-way gate to the infinite horrors of the Abyss.
 26834 | D:15     | Paralysed by an air elemental for 1 turns
 27152 | D:15     | Received a gift from Okawaru
 27262 | D:15     | Noticed a frost giant
 27269 | D:15     | Killed a frost giant
 27607 | D:15     | Reached XP level 16. HP: 136/136 MP: 24/24
 27743 | D:15     | Received a gift from Okawaru
 27772 | D:15     | Found a staircase to the Depths.
 27870 | D:15     | Paralysed by an air elemental for 1 turns
 28104 | Shoals:1 | Entered Level 1 of the Shoals
 28265 | Shoals:1 | Found a shimmering altar of Xom.
 28309 | Shoals:1 | Identified the serpent talisman of Ru's Anger {*Slow rC+
                  | MP+9 Int+3}
 28309 | Shoals:1 | Noticed Aizul
 28320 | Shoals:1 | Killed Aizul
 28363 | Shoals:1 | Found Zonwarph's Book Boutique.
 28884 | Shoals:1 | Received a gift from Okawaru
 29368 | Shoals:2 | Reached skill level 10 in Shields
 29583 | Shoals:2 | Noticed bobo's ghost (journeyman DsFE)
 29609 | Shoals:2 | Noticed Frances
 29617 | Shoals:2 | Killed Frances
 29916 | Shoals:2 | Found a runed translucent gate.
 29916 | Shoals:2 | Found a runed translucent gate.
 29916 | Shoals:2 | Found a runed translucent gate.
 29918 | Shoals:2 | Reached skill level 10 in Dodging
 30115 | Shoals:2 | Noticed Ilsuiw
 30131 | Shoals:2 | Killed Ilsuiw
 30135 | Shoals:2 | Received a gift from Okawaru
 30574 | Shoals:2 | Killed bobo's ghost
 30785 | Shoals:2 | Identified the amulet "Pas Muwn" {Spirit Rampage rF+ Regen+
                  | Str-4 Dex+2}
 30825 | Shoals:3 | Identified the +7 hand axe of Red Wine {flame, rElec}
 30861 | Shoals:3 | Received a gift from Okawaru
 31305 | Shoals:3 | Reached XP level 17. HP: 142/142 MP: 25/25
 31918 | Shoals:3 | Received a gift from Okawaru
 32418 | Shoals:4 | Entered Level 4 of the Shoals
 32485 | Shoals:4 | Paralysed by an air elemental for 1 turns
 32658 | Shoals:4 | Found a stormy altar of Qazlal.
 32888 | Shoals:4 | Received a gift from Okawaru
 32915 | Shoals:4 | Noticed a titan
 32930 | Shoals:4 | Killed a titan
 33416 | Shoals:4 | Got a barnacled rune of Zot
 33422 | Shoals:4 | Identified the +0 spear of Fear {freeze, rElec rC- Str+5}
 33423 | Shoals:4 | Identified the +3 morningstar "Cuwiohim" {freeze, rF+}
 33672 | Shoals:4 | Paralysed by an air elemental for 1 turns
 34125 | Shoals:4 | Paralysed by an air elemental for 1 turns
 34483 | Shoals:4 | Received a gift from Okawaru
 34494 | Shoals:4 | Paralysed by an air elemental for 1 turns
 34944 | Orc:1    | Entered Level 1 of the Orcish Mines
 35227 | Orc:1    | Noticed a kraken
 35456 | Orc:2    | Entered Level 2 of the Orcish Mines
 35456 | Orc:2    | Found Soise's Armour Shop.
 35538 | Orc:2    | Found a staircase to the Elven Halls.
 36180 | Orc:2    | Found Goesua's Distillery.
 36190 | Orc:2    | Received a gift from Okawaru
 36191 | Orc:2    | Reached XP level 18. HP: 131/149 MP: 26/26
 36235 | Orc:2    | Bought a potion of curing for 36 gold pieces
 36235 | Orc:2    | Bought a potion of curing for 36 gold pieces
 36235 | Orc:2    | Bought a potion of heal wounds for 60 gold pieces
 36235 | Orc:2    | Bought a potion of heal wounds for 60 gold pieces
 36235 | Orc:2    | Bought 2 potions of curing for 72 gold pieces
 36235 | Orc:2    | Bought a potion of mutation for 96 gold pieces
 36239 | Orc:2    | Lost mutation: You are vulnerable to cold. (rC-) [potion of
                  | mutation]
 36239 | Orc:2    | Lost mutation: You are vulnerable to heat. (rF-) [potion of
                  | mutation]
 36239 | Orc:2    | Gained mutation: You are agile. (Dex +4, Str/Int -1)
                  | [potion of mutation]
 36239 | Orc:2    | Gained mutation: Your mind is acute. (Int +4, Str/Dex -1)
                  | [potion of mutation]
 36239 | Orc:2    | Gained mutation: Your muscles are strong. (Str +4, Int/Dex
                  | -1) [potion of mutation]
 36366 | Orc:2    | Found Saaggag's Weapon Boutique.
 36764 | Orc:2    | Found Pacaewah's General Store.
 36765 | Orc:2    | Found Fiurch's Jewellery Shop.
 36767 | Orc:2    | Found Xydwymo's Antique Armour Boutique.
 36767 | Orc:2    | Found Aggihesch's Antique Weapon Boutique.
 36901 | Vaults:1 | Entered Level 1 of the Vaults
 36975 | Vaults:1 | Found a magical portal.
 36984 | WizLab   | Entered Doroklohe's Tomb
 37165 | Vaults:1 | Reached skill level 10 in Evocations
 37552 | Vaults:1 | Found a radiant altar of Vehumet.
 37552 | Vaults:1 | Noticed a lich
 37562 | Vaults:1 | Killed a lich
 37570 | Vaults:1 | Identified the +0 robe of Jafram {rElec rPois}
 38039 | Vaults:1 | Upgraded the game from 0.31-a0-1570-g93c622d222 to
                  | 0.31-a0-1576-ga3383bade6
 38179 | Vaults:1 | You fall into a shaft and drop 1 floor!
 38182 | Vaults:2 | Received a gift from Okawaru
 39296 | Vaults:1 | Received a gift from Okawaru
 40178 | Vaults:2 | Received a gift from Okawaru
 40337 | Vaults:2 | Noticed a titan
 40351 | Vaults:2 | Killed a titan
 40507 | Vaults:2 | Reached XP level 19. HP: 155/155 MP: 27/27
 40592 | Vaults:2 | Received a gift from Okawaru
 40863 | Vaults:2 | Reached skill level 15 in Evocations
 41890 | Vaults:3 | Received a gift from Okawaru
 42417 | Vaults:3 | Found a staircase to the Crypt.
 42503 | Vaults:3 | Received a gift from Okawaru
 43004 | Vaults:3 | Reached skill level 1 in Stealth
 43667 | Vaults:4 | Reached skill level 5 in Stealth
 43695 | Vaults:4 | Found a crumbling gateway.
 43739 | Vaults:4 | Found Qeduly's Antique Weapon Boutique.
 43747 | Vaults:4 | Bought a faintly glowing scimitar for 243 gold pieces
 43747 | Vaults:4 | Identified the +9 scimitar of Bonyadgh {vamp, rPois MP+9}
                  | (You bought it in a shop on level 4 of the Vaults)
 43747 | Vaults:4 | Bought a scorched triple sword for 405 gold pieces
 43747 | Vaults:4 | Identified the +9 triple sword "Nousot" {drain, rC+ rCorr
                  | Dex-2} (You bought it in a shop on level 4 of the Vaults)
 43794 | Desolati | Entered the Desolation of Salt
 44194 | Desolati | Found the +8 trident of the Octopus King {venom, rElec
                  | rPois}
 44195 | Desolati | Identified the +5 halberd "Unwocw Onem" {freeze, Int+8}
 44202 | Desolati | Got Xotyu's Verses on the Limned Coals
 44209 | Desolati | Identified the staff "Grim Tooth" {rPois rF+ Fire}
 44255 | Desolati | Received a gift from Okawaru
 44311 | Desolati | Reached XP level 20. HP: 151/162 MP: 28/28
 44373 | Desolati | Got Papeseg's Atlas of Ironbound Reformation
 44374 | Desolati | Identified the ring of Lucidity {rN+++ Str+6 Int+3 Dex+3
                  | Stlth-}
 44380 | Desolati | Identified the +4 great mace of Compound Interest
                  | {antimagic, *Slow ^Fragile rC++ rCorr}
 44514 | Desolati | Identified the +0 robe of the Aged Loafs {rCorr Int+2}
 44739 | Desolati | Identified the +0 robe of Hedge Wizardry {rF+ rC+ Int+3}
 44891 | Vaults:4 | Received a gift from Okawaru
 44984 | Vaults:4 | Reached skill level 1 in Alchemy
 45180 | Vaults:4 | Reached skill level 1 in Spellcasting
 45539 | Vaults:5 | Entered Level 5 of the Vaults
 45545 | Vaults:5 | Noticed a dread lich
 45556 | Vaults:5 | Received a gift from Okawaru
 45559 | Vaults:5 | Reached skill level 5 in Alchemy
 45565 | Vaults:5 | Noticed a Tzitzimitl
 45572 | Vaults:5 | Killed a dread lich
 45572 | Vaults:5 | Received a gift from Okawaru
 45576 | Vaults:4 | Reached skill level 5 in Spellcasting
 45909 | Vaults:4 | Learned a level 4 spell: Olgreb's Toxic Radiance
 45927 | Vaults:5 | Noticed a golden dragon
 46266 | Orc:2    | Bought a shimmering ring mail for 234 gold pieces
 46266 | Orc:2    | Identified the +0 ring mail of the Kettle-Drum {Int+5} (You
                  | bought it in a shop on level 2 of the Orcish Mines)
 46266 | Orc:2    | Bought a heavily runed chain mail for 247 gold pieces
 46266 | Orc:2    | Identified the +1 chain mail of Okawaru's Displeasure
                  | {rElec rN+ Str-5 Dex+4} (You bought it in a shop on level 2
                  | of the Orcish Mines)
 46486 | Vaults:4 | Learned a level 5 spell: Alistair's Intoxication
 46531 | Vaults:4 | Killed a golden dragon
 46545 | Vaults:5 | Received a gift from Okawaru
 46599 | Vaults:5 | Identified the +7 falchion "Orb Guardian's Doom" {flame,
                  | *Slow rC+++ Str+2}
 46603 | Vaults:5 | Reached skill level 10 in Alchemy
 46627 | Vaults:4 | Reached XP level 21. HP: 39/175 MP: 31/31
 46627 | Vaults:4 | HP: 5/175 [purple very ugly thing (35)]
 46638 | Vaults:4 | Annihilated by an ettin

Illustrated notes

Levels and vault maps discovered:
D:1:      roderic_crossed_star, layout_basic
D:2:      layout_loops_corners, grunt_ministairs_11, minmay_lizard_king
D:3:      layout_rooms, dilly_ecumenical_altar_fadedgnrine
D:4:      layout_rooms, serial_bayou_pond_c
D:5:      layout_basic, nicolae_gozag_cash_rules_everything_around_me,
          temple_pool_b, kennysheep_small_circle, uniq_pikel
D:6:      layout_basic, lightli_temple_of_fire
D:7:      layout_basic, serial_shops, kennysheep_little_box
D:8:      layout_basic, nicolae_overflow_hallway_of_the_gods,
          gammafunk_ghost_wrathful_warriors, minmay_shop_grid_forest,
          minivault_5, uniq_jeremiah, uniq_prince_ribbit1, uniq_maggie
D:9:      layout_basic, amcnicky_altar_gilded, kennysheep_another_room,
          hangedman_ranch
D:10:     layout_small_grid, serial_shops, shop
D:11:     layout_roguey, dpeg_oklobed_lair, minmay_diamond_spiral
D:12:     layout_gridville, orc_0_dummy, serial_shops,
          nicolae_shop_bloodbath_and_beyond
D:13:     layout_irregular_city, grunt_vaults_entry_fortified
D:14:     layout_basic, ebering_dispersal_statue_hall, serial_shops,
          nicolae_shop_trees, uniq_lodul, uniq_roxanne
D:15:     hangedman_crystal_crosses_colossus [crystal_crosses_arms_four,
          crystal_crosses_arms_four, crystal_crosses_arms_two]
Temple:   jpeg_temple_clearing
Lair:1:   layout_roguey, grunt_forest_large_clearings, grunt_megastairs_4
Lair:2:   layout_loops_ring, minmay_shoals_entry_centaurs
Lair:3:   layout_long_grid, spider_nest_entry_rubble, st_stairs_9,
          grunt_megastairs_5
Lair:4:   kb_forest_paths, layout_loops_ring, basic_altar
Lair:5:   hellmonk_lair_end_abyssal_woods, layout_hall_layers, slime_entry_1,
          lemuel_fruit_tree
Shoals:1: layout_shoals, serial_shops, shop, lemuel_altar_in_water, uniq_aizul
Shoals:2: layout_shoals, gammafunk_ghost_split, uniq_frances, uniq_ilsuiw
Shoals:3: cheibrodos_shoals_epimethial_gifts, layout_shoals
Shoals:4: shoals_end_hellmonk_storm_palace [storm_palace_center_square,
          storm_palace_corner_grid, storm_palace_corner_altar,
          storm_palace_corner_reverse_hut, storm_palace_corner_grid]
Orc:1:    layout_diamond_mine, basic_altar,
          mainiacjoe_minedec_watcher_in_the_water, nicolae_orc_damp_corner
Orc:2:    st_orc_congregation, layout_caves, serial_shops, shop, shop, shop,
          abandoned_shop, minmay_orc_temple_b
Vaults:1: mu_enter_wizlab_5, nicolae_vaults_house_1, grunt_vaults_bifocal,
          vaults_dpeg_spiral, nicolae_vaults_double_plus_1,
          grunt_tower_of_power, nicolae_vaults_tetromino_T_2,
          nicolae_vaults_diagonal_hallway_7, nicolae_vaults_two_Ls,
          nicolae_vaults_tangram_2, nicolae_vaults_diamond_1, v_misc_27,
          grunt_vaults_funnel, nicolae_vaults_closet_pinwheel_6,
          nicolae_vaults_sesquioval_fish, v_misc_30, layout_vaults_big_cross
Vaults:2: nicolae_vaults_shrinking_rooms_2, nicolae_vaults_angled_halls,
          v_misc_9, hangedman_vaults_impose, nicolae_vaults_disjoint_gnomons,
          nicolae_vaults_cornered_office, nicolae_vaults_tetromino_Z_2,
          hangedman_vaults_snaps, vaults_dpeg_ring, nicolae_vaults_wine_cellar,
          nicolae_vaults_quartermaster, nicolae_vaults_tetromino_Z_1,
          layout_vaults_maze
Vaults:3: minmay_crypt_entry_simple_box, hangedman_vaults_stitches,
          nicolae_vaults_double_plus_1, dpeg_vaults_monster_row,
          ontoclasm_vaults_gallery, v_pattern_2, nicolae_vaults_house_3,
          nicolae_vaults_prndl, nicolae_vaults_house_2,
          nicolae_vaults_layer_cake_slice, hangedman_vaults_trim,
          nicolae_vaults_octothorpe, hangedman_vaults_slice,
          nicolae_vaults_mini_display_case, layout_vaults_big_room, serial_shops
Vaults:4: portal_desolation_entry_ruin, nicolae_vaults_statue_guard,
          nicolae_vaults_offset_grid_hallway_2, nicolae_vaults_hexular_roomagon,
          ontoclasm_vaults_eye, v_misc_23, vaults_room_door_hall,
          nicolae_vaults_tetromino_Z_1, layout_vaults_omnibox, serial_shops,
          shop
Vaults:5

Skill      XL: |  1  2  3  4  5  6  7  8  9 10 11 12 13 14 15 16 17 18 19 20 |
---------------+-------------------------------------------------------------+-----
Fighting       | 3 4 5 7 8 9 10 15 17 | 17.4
Long Blades    | 4 5 6 10 11 18 19 20 | 20.0
Shields        | 4 7 10 | 10.0
Dodging        | 5 6 7 12 | 12.0
Evocations     | 5 6 7 9 14 15 | 15.0
Throwing       | 4 10 12 15 16 19 20 | 20.0
Unarmed Combat | 7 10 | 10.6
Invocations    | 9 11 | 11.0
Stealth        | 8 |  8.0
Alchemy        | 10 | 10.2
Spellcasting   | 7 |  7.1
Polearms       | |  4.0

Action                     |  1- 3 |  4- 6 |  7- 9 | 10-12 | 13-15 | 16-18 | 19-21 || total
---------------------------+-------+-------+-------+-------+-------+-------+-------++-------
  Melee: Trident           |   100 |    27 |       |       |       |       |       ||   127
         Long sword        |       |    51 |   274 |   174 |       |       |       ||   499
         Scimitar          |       |       |       |   286 |   817 |   883 |   592 ||  2578
         Punch             |       |       |       |    27 |    46 |       |       ||    73
         Tailslap          |       |       |       |     2 |     1 |    24 |       ||    27
  Throw: Throwing net      |       |     4 |     1 |       |     1 |     4 |       ||    10
         Javelin           |       |       |     1 |     1 |     8 |    44 |    77 ||   131
         Dart              |       |       |       |     3 |       |     2 |       ||     5
         Boomerang         |       |       |       |       |   112 |   315 |   109 ||   536
   Cast: Olgreb's Toxic Ra |       |       |       |       |       |       |     4 ||     4
 Invoke: Heroism           |       |       |       |     2 |    15 |    14 |    11 ||    42
         Finesse           |       |       |       |       |    10 |    12 |     7 ||    29
         Receive Weapon    |       |       |       |       |     1 |       |       ||     1
         Receive Armour    |       |       |       |       |     1 |       |       ||     1
  Evoke: Wand              |       |       |       |    13 |     3 |    10 |     5 ||    31
         Condenser vane    |       |       |       |       |     1 |     2 |     1 ||     4
         Lightning rod     |       |       |       |       |       |       |     5 ||     5
         Phial of floods   |       |       |       |       |       |       |     1 ||     1
    Use: Scroll            |     4 |     4 |     6 |     9 |     5 |     6 |     4 ||    38
         Potion            |       |     1 |     2 |     5 |     4 |     6 |     9 ||    27
   Stab: Distracted        |     2 |       |       |     1 |     3 |     5 |       ||    11
         Sleeping          |     3 |     5 |     6 |     1 |     6 |    11 |     8 ||    40
         Paralysed         |       |       |       |     1 |     4 |     1 |       ||     6
         Held in net/web   |       |       |       |       |     1 |     2 |       ||     3
         Petrified         |       |       |       |       |     3 |       |       ||     3
         Petrifying        |       |       |       |       |     1 |       |       ||     1
 Armour: Leather armour    |    40 |    39 |   119 |       |       |       |       ||   198
         Acid dragon scale |       |       |     7 |       |       |       |       ||     7
         Ring mail         |       |       |     1 |   224 |   501 |   277 |   193 ||  1196
  Dodge: Dodged            |    54 |    51 |   213 |   358 |   883 |   490 |   438 ||  2487
         Repelled          |       |       |       |       |     2 |     5 |       ||     7
  Block: Buckler           |       |     6 |   109 |    52 |       |       |       ||   167
         Kite shield       |       |       |       |       |   295 |  1063 |   798 ||  2156

Table legend: (Time is in decaauts)
 A = Elapsed time spent in this place.
 B = Non-inter-level travel time spent in this place.
 C = Inter-level travel time spent in this place.
 D = Time resting spent in this place.
 E = Time spent auto-exploring this place.
 F = Levels seen in this place.
 G = Mean time per level.
                   A        B        C        D        E       F      G
               +--------+--------+--------+--------+--------+-----+--------+
         Total |  45748 |  43162 |   2586 |  12681 |  22570 |  34 | 1345.5 |
       Dungeon |  21306 |  20000 |   1306 |   6477 |  10571 |  15 | 1420.4 |
        Temple |     34 |      1 |     33 |      0 |      0 |   1 |   34.0 |
          Lair |   6994 |   6644 |    350 |    986 |   4523 |   5 | 1398.8 |
        Shoals |   6102 |   5960 |    142 |   1974 |   2786 |   4 | 1525.5 |
  Orcish Mines |   2024 |   1860 |    164 |    456 |    985 |   2 | 1012.0 |
        Vaults |   8272 |   7683 |    589 |   2575 |   3393 |   5 | 1654.4 |
        Wizlab |    147 |    147 |      0 |      0 |     83 |   1 |  147.0 |
    Desolation |    865 |    865 |      0 |    212 |    228 |   1 |  865.0 |
               +--------+--------+--------+--------+--------+-----+--------+

Top non-repeatable levels by time:
Vaults:1: 2955 daAuts
    D:14: 2543 daAuts
    D:15: 2470 daAuts
Shoals:4: 2327 daAuts
Vaults:3: 2166 daAuts
    D:11: 2150 daAuts
  Lair:3: 1865 daAuts
    D:13: 1858 daAuts
  Lair:5: 1803 daAuts
     D:9: 1760 daAuts
Vaults:2: 1547 daAuts
Vaults:4: 1539 daAuts
Shoals:2: 1474 daAuts
     D:5: 1461 daAuts
  Lair:2: 1446 daAuts
